| TOP OF THE 1ST |
|
Omaha Storm Chasers batting - Pitching for Pawtucket Red Sox : LHP Adam Schneidewind
|
|
Pitching: LHP Adam Schneidewind
|
|
|
Batting: RHB Yuichi Takata
|
0-0: Called Strike 0-1: Ball 1-1: Ball 2-1: Called Strike 2-2: Strikes out swinging
|
|
Batting: RHB Mikolas Markus
|
0-0: Ball 1-0: Swinging Strike 1-1: Ball 2-1: Foul Ball, location: 2F 2-2: Fly out, F7 (Line Drive, 7, EV 105.0 MPH)
|
|
Batting: RHB Nick Ogle
|
0-0: Fly out, F8 (Flyball, 89D, EV 95.0 MPH)
|
| Top of the 1st over - 0 runs, 0 hits, 0 errors, 0 left on base; Omaha 0 - Pawtucket 0 |
| BOTTOM OF THE 1ST |
|
Pawtucket Red Sox batting - Pitching for Omaha Storm Chasers : RHP Parker Warr
|
|
Pitching: RHP Parker Warr
|
|
|
Batting: RHB Mike Quackenbush
|
0-0: Foul Ball, location: 2F 0-1: SINGLE (Line Drive, 78M, EV 96.2 MPH)
|
|
Batting: SHB Ben Ervin
|
0-0: Ball 1-0: Ball 2-0: Ball 3-0: Base on Balls Mike Quackenbush to second
|
|
Batting: RHB Marty King
|
0-0: Swinging Strike 0-1: Called Strike 0-2: Strikes out swinging
|
|
Batting: SHB Marvin Lawrence
|
0-0: Called Strike Mike Quackenbush steals 3rd, throwing error, E2 Mike Quackenbush scores Ben Ervin to third 0-1: Ball 1-1: Ball 2-1: Ball 3-1: Swinging Strike 3-2: Ground out 4-3 (Groundball, 34S, EV 84.4 MPH) Ben Ervin scores
|
|
Batting: RHB Scott Treider
|
0-0: Ball 1-0: Ball 2-0: Ball 3-0: Called Strike 3-1: Swinging Strike 3-2: Foul Ball, location: 2F 3-2: Strikes out swinging, 2-3 out at first.
|
| Bottom of the 1st over - 2 runs, 1 hit, 1 error, 0 left on base; Omaha 0 - Pawtucket 2 |
| TOP OF THE 2ND |
|
Omaha Storm Chasers batting - Pitching for Pawtucket Red Sox : LHP Adam Schneidewind
|
|
Batting: RHB Bob Najar
|
0-0: Ground out U3 (Groundball, 3, EV 98.8 MPH)
|
|
Batting: LHB Roman Downey
|
0-0: Called Strike 0-1: Foul Ball, location: 2F 0-2: Strikes out swinging
|
|
Batting: LHB Sam Britt
|
0-0: Called Strike 0-1: Ball 1-1: Foul Ball, location: 2F 1-2: Ball 2-2: Ball 3-2: Ground out 4-3 (Groundball, 4, EV 79.4 MPH)
|
| Top of the 2nd over - 0 runs, 0 hits, 0 errors, 0 left on base; Omaha 0 - Pawtucket 2 |
| BOTTOM OF THE 2ND |
|
Pawtucket Red Sox batting - Pitching for Omaha Storm Chasers : RHP Parker Warr
|
|
Batting: LHB Mike Mentzer
|
0-0: Foul Ball, location: 2F 0-1: Ball 1-1: Called Strike 1-2: Strikes out swinging
|
|
Batting: RHB Brandon Perris
|
0-0: Foul Ball, location: 2F 0-1: Ball 1-1: Foul Ball, location: 2F 1-2: DOUBLE (Line Drive, 78D, EV 113.8 MPH)
|
|
Batting: RHB Garry Hash
|
0-0: Ball 1-0: Called Strike 1-1: Swinging Strike 1-2: Foul Ball, location: 2F 1-2: Ball 2-2: Ball 3-2: Ground out 6-3 (Groundball, 6, EV 98.8 MPH)
|
|
Batting: RHB Xavier Joslin
|
0-0: Fly out, F8 (Flyball, 8RS, EV 91.9 MPH)
|
| Bottom of the 2nd over - 0 runs, 1 hit, 0 errors, 1 left on base; Omaha 0 - Pawtucket 2 |
| TOP OF THE 3RD |
|
Omaha Storm Chasers batting - Pitching for Pawtucket Red Sox : LHP Adam Schneidewind
|
|
Batting: LHB Justin Rupert
|
0-0: Ball 1-0: Fly out, F8 (Flyball, 8LM, EV 95.0 MPH)
|
|
Batting: RHB Joeri Plas
|
0-0: Called Strike 0-1: Ground out 5-3 (Groundball, 56S, EV 80.6 MPH)
|
|
Batting: RHB Aaron Moore
|
0-0: Swinging Strike 0-1: Swinging Strike 0-2: Ball 1-2: Strikes out looking
|
| Top of the 3rd over - 0 runs, 0 hits, 0 errors, 0 left on base; Omaha 0 - Pawtucket 2 |
| BOTTOM OF THE 3RD |
|
Pawtucket Red Sox batting - Pitching for Omaha Storm Chasers : RHP Parker Warr
|
|
Batting: RHB Mike Quackenbush
|
0-0: Ball 1-0: Ground out U3 (Groundball, 34, EV 90.6 MPH)
|
|
Batting: SHB Ben Ervin
|
0-0: Called Strike 0-1: Foul Ball, location: 2F 0-2: Foul Ball, location: 2F 0-2: Ball 1-2: Foul Ball, location: 2F 1-2: Ball 2-2: Foul Ball, location: 2F 2-2: Strikes out looking
|
|
Batting: RHB Marty King
|
0-0: Fly out, F9 (Line Drive, 9D, EV 86.9 MPH)
|
| Bottom of the 3rd over - 0 runs, 0 hits, 0 errors, 0 left on base; Omaha 0 - Pawtucket 2 |
| TOP OF THE 4TH |
|
Omaha Storm Chasers batting - Pitching for Pawtucket Red Sox : LHP Adam Schneidewind
|
|
Batting: RHB Yuichi Takata
|
0-0: Called Strike 0-1: SINGLE (Line Drive, 7S, EV 105.6 MPH)
|
|
Batting: RHB Mikolas Markus
|
0-0: Foul Ball, location: 2F 0-1: Foul Ball, location: 2F 0-2: Fielders Choice at 2nd, 3-6 (Groundball, 3, EV 87.5 MPH)
|
|
Batting: RHB Nick Ogle
|
0-0: Fly out, F3 (Popup, 34S, EV 73.8 MPH)
|
|
Batting: RHB Bob Najar
|
0-0: Ball 1-0: Called Strike 1-1: Ball 2-1: Foul Ball, location: 2F 2-2: Ball 3-2: SINGLE (Groundball, 56D, EV 113.1 MPH) Mikolas Markus to second Mikolas Markus to third
|
|
Batting: LHB Roman Downey
|
0-0: Foul Ball, location: 2F 0-1: Called Strike 0-2: Ball 1-2: Ball 2-2: Ball 3-2: Strikes out swinging
|
| Top of the 4th over - 0 runs, 2 hits, 0 errors, 2 left on base; Omaha 0 - Pawtucket 2 |
| BOTTOM OF THE 4TH |
|
Pawtucket Red Sox batting - Pitching for Omaha Storm Chasers : RHP Parker Warr
|
|
Batting: SHB Marvin Lawrence
|
0-0: Called Strike 0-1: DOUBLE (Flyball, 7LD, EV 92.5 MPH)
|
|
Batting: RHB Scott Treider
|
0-0: Called Strike 0-1: Ball 1-1: Ball 2-1: DOUBLE (Line Drive, 9LD, EV 103.8 MPH) Marvin Lawrence scores
|
|
Batting: LHB Mike Mentzer
|
0-0: Ball 1-0: Ground out U3 (Groundball, 34S, EV 83.1 MPH) Scott Treider to third
|
|
Batting: RHB Brandon Perris
|
0-0: Called Strike 0-1: Foul Ball, location: 2F 0-2: Ball 1-2: Foul Ball, location: 2F 1-2: Ground out 1-3 (Groundball, 34S, EV 76.2 MPH)
|
|
Batting: RHB Garry Hash
|
0-0: Foul Ball, location: 2F 0-1: Ground out 6-3 (Groundball, 6, EV 92.5 MPH)
|
| Bottom of the 4th over - 1 run, 2 hits, 0 errors, 1 left on base; Omaha 0 - Pawtucket 3 |
| TOP OF THE 5TH |
|
Omaha Storm Chasers batting - Pitching for Pawtucket Red Sox : LHP Adam Schneidewind
|
|
Batting: LHB Sam Britt
|
0-0: SINGLE (Groundball, 34D, EV 103.8 MPH)
|
|
Batting: LHB Justin Rupert
|
0-0: Ball 1-0: Called Strike 1-1: Called Strike 1-2: Ball 2-2: Foul Ball, location: 2F 2-2: Ball 3-2: DOUBLE (Line Drive, 7D, EV 101.2 MPH) Sam Britt to third
|
|
Batting: RHB Joeri Plas
|
0-0: Ball 1-0: Ball 2-0: Foul Ball, location: 2F 2-1: Called Strike 2-2: Strikes out swinging
|
|
Batting: RHB Aaron Moore
|
0-0: Foul Ball, location: 2F 0-1: Foul Ball, location: 2F 0-2: Strikes out swinging
|
|
Batting: RHB Yuichi Takata
|
0-0: Ball 1-0: Foul Ball, location: 2F 1-1: Swinging Strike 1-2: Ball 2-2: Strikes out swinging
|
| Top of the 5th over - 0 runs, 2 hits, 0 errors, 2 left on base; Omaha 0 - Pawtucket 3 |
| BOTTOM OF THE 5TH |
|
Pawtucket Red Sox batting - Pitching for Omaha Storm Chasers : RHP Parker Warr
|
|
Batting: RHB Xavier Joslin
|
0-0: Ball 1-0: Foul Ball, location: 2F 1-1: Foul Ball, location: 2F 1-2: Ball 2-2: SINGLE (Groundball, 34D, EV 108.1 MPH)
|
|
Batting: RHB Mike Quackenbush
|
0-0: Foul Ball, location: 2F 0-1: Foul Ball, location: 2F 0-2: Ball 1-2: Foul Ball, location: 2F 1-2: Ball 2-2: Foul Ball, location: 2F 2-2: Fly out, F8 (Line Drive, 8LM, EV 105.6 MPH)
|
|
Batting: SHB Ben Ervin
|
0-0: Fly out, F7 (Flyball, 7S, EV 86.2 MPH)
|
|
Batting: RHB Marty King
|
0-0: Ball 1-0: SINGLE (Line Drive, 7S, EV 100.0 MPH) Xavier Joslin to second
|
|
Batting: SHB Marvin Lawrence
|
0-0: Called Strike 0-1: Swinging Strike 0-2: Strikes out swinging, 2-3 out at first.
|
| Bottom of the 5th over - 0 runs, 2 hits, 0 errors, 2 left on base; Omaha 0 - Pawtucket 3 |
| TOP OF THE 6TH |
|
Omaha Storm Chasers batting - Pitching for Pawtucket Red Sox : LHP Adam Schneidewind
|
|
Batting: RHB Mikolas Markus
|
0-0: Foul Ball, location: 2F 0-1: Ball 1-1: Foul Ball, location: 2F 1-2: Strikes out swinging
|
|
Batting: RHB Nick Ogle
|
0-0: Ball 1-0: Ground out 6-3 (Groundball, 6, EV 78.1 MPH)
|
|
Batting: RHB Bob Najar
|
0-0: Ball 1-0: Ball 2-0: Foul Ball, location: 2F 2-1: Ball 3-1: Fly out, F7 (Line Drive, 7D, EV 86.9 MPH)
|
| Top of the 6th over - 0 runs, 0 hits, 0 errors, 0 left on base; Omaha 0 - Pawtucket 3 |
| BOTTOM OF THE 6TH |
|
Pawtucket Red Sox batting - Pitching for Omaha Storm Chasers : RHP Parker Warr
|
|
Batting: RHB Scott Treider
|
0-0: Ball 1-0: Called Strike 1-1: Swinging Strike 1-2: Strikes out swinging
|
|
Batting: LHB Mike Mentzer
|
0-0: Called Strike 0-1: Called Strike 0-2: Foul Ball, location: 2F 0-2: Ball 1-2: Ball 2-2: Ball 3-2: Base on Balls
|
|
Batting: RHB Brandon Perris
|
0-0: Called Strike Mike Mentzer steals 2nd base (no throw) 0-1: Swinging Strike 0-2: SINGLE (Line Drive, 7S, EV 102.5 MPH) Mike Mentzer to third Runner from 3rd tries for Home, SAFE, throw by LF to home
|
|
Pitching: RHP Dennis Holifield
|
|
|
Batting: RHB Garry Hash
|
0-0: SINGLE (Groundball, 6M, EV 79.4 MPH) (infield hit) Brandon Perris to second
|
|
Batting: RHB Xavier Joslin
|
0-0: Swinging Strike 0-1: Foul Ball, location: 2F 0-2: Ball 1-2: Strikes out swinging
|
|
Batting: RHB Mike Quackenbush
|
0-0: Called Strike 0-1: Ball 1-1: Ball 2-1: Foul Ball, location: 2F 2-2: Fly out, F7 (Flyball, 7LS, EV 86.2 MPH)
|
| Bottom of the 6th over - 1 run, 2 hits, 0 errors, 2 left on base; Omaha 0 - Pawtucket 4 |
| TOP OF THE 7TH |
|
Omaha Storm Chasers batting - Pitching for Pawtucket Red Sox : LHP Adam Schneidewind
|
|
Batting: LHB Roman Downey
|
0-0: SINGLE (Line Drive, 56D, EV 104.4 MPH)
|
|
Batting: LHB Sam Britt
|
0-0: Sac Bunt to 15S - play at first, batter OUT! 1-3 Roman Downey to second
|
|
Pinch Hitting: RHB Chris Cooper
|
0-0: Swinging Strike 0-1: Foul Ball, location: 2F 0-2: Ball 1-2: Ground out 4-3 (Groundball, 4S, EV 84.4 MPH) Roman Downey to third
|
|
Batting: RHB Joeri Plas
|
0-0: Ball 1-0: Ball 2-0: Swinging Strike 2-1: Ball 3-1: Ground out 4-3 (Groundball, 4, EV 86.9 MPH)
|
| Top of the 7th over - 0 runs, 1 hit, 0 errors, 1 left on base; Omaha 0 - Pawtucket 4 |
| BOTTOM OF THE 7TH |
|
Pawtucket Red Sox batting - Pitching for Omaha Storm Chasers : RHP Dennis Holifield
|
|
Now at 1B: Nick Ogle
|
|
|
Now in LF: Chris Cooper
|
|
|
Batting: SHB Ben Ervin
|
0-0: Ball 1-0: Ball 2-0: Foul Ball, location: 2F 2-1: Ball 3-1: Base on Balls
|
|
Batting: RHB Marty King
|
0-0: Ball 1-0: Ball 2-0: Called Strike 2-1: Foul Ball, location: 2F 2-2: Ball 3-2: Foul Ball, location: 2F 3-2: Fly out, F8 (Line Drive, 8RM, EV 91.9 MPH)
|
|
Batting: SHB Marvin Lawrence
|
0-0: Ball Ben Ervin steals 2nd base 1-0: Called Strike 1-1: Swinging Strike 1-2: Ball 2-2: Strikes out swinging
|
|
Batting: RHB Scott Treider
|
0-0: Ball 1-0: Ground out 4-3 (Groundball, 4S, EV 85.6 MPH)
|
| Bottom of the 7th over - 0 runs, 0 hits, 0 errors, 1 left on base; Omaha 0 - Pawtucket 4 |
| TOP OF THE 8TH |
|
Omaha Storm Chasers batting - Pitching for Pawtucket Red Sox : LHP Adam Schneidewind
|
|
Batting: RHB Aaron Moore
|
0-0: Ball 1-0: Called Strike 1-1: Foul Ball, location: 2F 1-2: DOUBLE (Groundball, 5L, EV 101.9 MPH)
|
|
Batting: RHB Yuichi Takata
|
0-0: Called Strike 0-1: Foul Ball, location: 2F 0-2: Strikes out looking
|
|
Batting: RHB Mikolas Markus
|
0-0: Foul Ball, location: 2F 0-1: Foul Ball, location: 2F 0-2: Ball 1-2: Strikes out swinging
|
|
Pitching: LHP Ken Intagliata
|
|
|
Batting: RHB Nick Ogle
|
0-0: Ball 1-0: Ball 2-0: Ball 3-0: Base on Balls
|
|
Batting: RHB Bob Najar
|
0-0: Swinging Strike 0-1: Ball 1-1: Ground out U3 (Groundball, 34, EV 91.2 MPH)
|
| Top of the 8th over - 0 runs, 1 hit, 0 errors, 2 left on base; Omaha 0 - Pawtucket 4 |
| BOTTOM OF THE 8TH |
|
Pawtucket Red Sox batting - Pitching for Omaha Storm Chasers : RHP Dennis Holifield
|
|
Pitching: RHP Brian Bright
|
|
|
Batting: LHB Mike Mentzer
|
0-0: Called Strike 0-1: Foul Ball, location: 2F 0-2: Ground out U3 (Groundball, 13, EV 87.5 MPH)
|
|
Batting: RHB Brandon Perris
|
0-0: Ball 1-0: Ball 2-0: Swinging Strike 2-1: Ball 3-1: Base on Balls
|
|
Batting: RHB Garry Hash
|
0-0: Called Strike 0-1: Ball 1-1: Foul Ball, location: 2F 1-2: SINGLE (Line Drive, 3D, EV 106.9 MPH) Brandon Perris to second
|
|
Batting: RHB Xavier Joslin
|
0-0: Foul Ball, location: 2F 0-1: Ball 1-1: Grounds into double play, 4-6-3 (Groundball, 4, EV 105.6 MPH)
|
| Bottom of the 8th over - 0 runs, 1 hit, 0 errors, 1 left on base; Omaha 0 - Pawtucket 4 |
| TOP OF THE 9TH |
|
Omaha Storm Chasers batting - Pitching for Pawtucket Red Sox : LHP Ken Intagliata
|
|
Batting: LHB Roman Downey
|
0-0: Called Strike 0-1: Foul Ball, location: 2F 0-2: Ball 1-2: Ball 2-2: Fly out, F7 (Flyball, 7LS, EV 71.9 MPH)
|
|
Batting: LHB Sam Britt
|
0-0: Called Strike 0-1: Swinging Strike 0-2: Foul Ball, location: 2F 0-2: Strikes out swinging
|
|
Batting: RHB Chris Cooper
|
0-0: Ball 1-0: SINGLE (Groundball, 6MD, EV 103.8 MPH)
|
|
Batting: RHB Joeri Plas
|
0-0: Foul Ball, location: 2F 0-1: Ball 1-1: Foul Ball, location: 2F 1-2: Strikes out swinging
|
| Top of the 9th over - 0 runs, 1 hit, 0 errors, 1 left on base; Omaha 0 - Pawtucket 4 |
|